 Dungeon Crawl Stone Soup version 0.22-a0-271-gc000056 (webtiles) character file.

13624171 grindst0ne the Plane Stalker (level 27, 145/149 HPs)
             Began as a Vine Stalker Fighter on Mar 11, 2018.
             Was the Champion of the Shining One.
             Escaped with the Orb
             ... and 15 runes on Mar 12, 2018!
             The game lasted 10:13:59 (118134 turns).

grindst0ne the Plane Stalker (VSFi)               Turns: 118134, Time: 10:14:00

Health: 145/149    AC: 42    Str: 18    XL:     27
Magic:  41/41      EV: 32    Int: 18    God:    the Shining One [******]
Gold:   7623       SH: 27    Dex: 17    Spells: 6/44 levels left

rFire    + + .     SeeInvis +   O - +9 quick blade (elec)
rCold    + + +     Gourm    .   M - +2 large shield {rF+}
rNeg     + + +     Faith    .   j - +9 ice dragon scales
rPois    +         Spirit   +   U - +2 helmet {Int+3}
rElec    +         Reflect  .   h - +2 cloak {rF+}
rCorr    .         Harm     .   v - +1 pair of gloves {Str+3}
MR       +++++     Rnd*Rage +   N - +0 pair of boots "Liqil" {MR++ Dex-3 SInv}
Stlth    ..........             a - amulet of the Air {Inacc +Fly rElec EV+5 RMsl}
HPRegen  1.14/turn              d - ring "Setotato" {rC+ rN+ Slay+4}
MPRegen  0.27/turn              z - ring "Riush" {rPois rF+ rC+ Str-4 Slay+5}

@: glowing, repel missiles
A: fangs 3, thin skeletal structure 1, yellow scales 1, berserk 1, blink, frail
1, magic resistance 1, regeneration 2, weak 1, evolution 1, magic shield,
antimagic bite, no potion heal 3, rot immunity, subdued magic 3, MP-powered
wands
0: Orb of Zot
}: 15/15 runes: decaying, serpentine, slimy, silver, golden, iron, obsidian,
icy, bone, abyssal, demonic, glowing, magical, fiery, dark
a: Blink, Divine Shield, Cleansing Flame, Summon Divine Warrior, Brand Weapon
With Holy Wrath, Renounce Religion, Evoke Flight


You escaped.
You worshipped the Shining One.
The Shining One was exalted by your worship.
You were very hungry.

You visited 17 branches of the dungeon, and saw 87 of its levels.
You visited Pandemonium 1 time, and saw 20 of its levels.
You visited the Abyss 5 times.
You visited 1 bazaar.
You visited 1 ziggurat, and saw 9 of its levels.
You also visited: Trove, Sewer, Ice Cave and Volcano.

You collected 19024 gold pieces.
You spent 5287 gold pieces at shops.
You donated 6114 gold pieces to Zin.

Inventory:

Hand Weapons
 O - a +9 quick blade of electrocution (weapon)
Armour
 h - a +2 cloak of fire resistance (worn)
 j - +9 ice dragon scales (worn)
 v - a +1 pair of gloves of strength (worn)
 M - a +2 large shield of fire resistance (worn)
 N - the +0 pair of boots "Liqil" (worn) {MR++ Dex-3 SInv}
   (You found it on level 7 of the Iron City of Dis)

   It affects your dexterity (-3).
   It affects your resistance to hostile enchantments.
   It lets you see invisible.
 U - a +2 helmet of intelligence (worn)
Jewellery
 a - the amulet of the Air (around neck) {Inacc +Fly rElec EV+5 RMsl}
   (You found it on level 7 of Tartarus)

   [amulet of inaccuracy]

   It reduces the accuracy of all your attacks.
   It affects your evasion (+5).
   It insulates you from electricity.
   It lets you fly.
   It protects you from missiles.
 d - the ring "Setotato" (left hand) {rC+ rN+ Slay+4}
   (You found it on level 7 of Tartarus)

   [ring of positive energy]

   It affects your accuracy and damage with ranged weapons and melee attacks
   (+4).
   It protects you from cold.
   It protects you from negative energy.
 e - the ring "Nojasaes" {rElec rN+ Dex+3 SInv}
   (You found it on level 9 of the Dungeon)

   [ring of dexterity]

   It affects your dexterity (+3).
   It insulates you from electricity.
   It protects you from negative energy.
   It lets you see invisible.
 l - the ring "Wetym" {EV+5 Slay+2}
   (You found it on level 1 of the Lair of Beasts)

   [ring of evasion]

   It affects your evasion (+5).
   It affects your accuracy and damage with ranged weapons and melee attacks
   (+2).
 m - the ring "Inif" {+Blink rElec rF+ Str+4}
   (You took it off a vampire mage on level 5 of the Depths)

   [ring of protection from fire]

   It affects your strength (+4).
   It protects you from fire.
   It insulates you from electricity.
   It lets you blink.
 y - the ring of Zinnaem {rF+ rN+ Int-3 Dex+2 Stlth+}
   (You found it on level 5 of the Depths)

   [ring of positive energy]

   It affects your intelligence (-3).
   It affects your dexterity (+2).
   It protects you from fire.
   It protects you from negative energy.
   It makes you more stealthy.
 z - the ring "Riush" (right hand) {rPois rF+ rC+ Str-4 Slay+5}
   (You found it on level 7 of Tartarus)

   [ring of protection from fire]

   It affects your strength (-4).
   It affects your accuracy and damage with ranged weapons and melee attacks
   (+5).
   It protects you from fire.
   It protects you from cold.
   It protects you from poison.
 Q - an uncursed amulet of the acrobat {unknown}
 R - the ring of the Robin {rPois Int+4 Dex+2, unknown}
   (You found it on level 3 of the Tomb of the Ancients)

   [ring of poison resistance]

   It affects your intelligence (+4).
   It affects your dexterity (+2).
   It protects you from poison.
Wands
 b - a wand of acid (14)
 c - a wand of flame (132)
 k - a wand of disintegration (47)
 s - a wand of digging (8)
 L - a wand of iceblast (40)
 X - a wand of scattershot (10)
 Y - a wand of paralysis (53)
Scrolls
 i - 30 scrolls of remove curse
 n - 9 scrolls of teleportation
 p - 2 scrolls of blinking
 r - 7 scrolls of magic mapping
 t - 5 scrolls of immolation
 u - 11 scrolls of enchant weapon
 x - a scroll of summoning
 A - 8 scrolls of fear
 B - 3 scrolls of silence
 I - 9 scrolls of holy word
 V - 6 scrolls of identify
 W - a scroll of brand weapon
 Z - 5 scrolls of fog
Potions
 g - 29 potions of curing
 q - a potion of agility
 w - 2 potions of berserk rage
 C - 2 potions of might
 D - 2 potions of resistance
 F - 14 potions of brilliance
 P - 2 potions of cancellation
 S - 2 potions of flight
 T - 2 potions of ambrosia
Miscellaneous
 o - 8 sacks of spiders
 E - a lightning rod (4/4)
 G - a phial of floods
 H - 2 boxes of beasts
 J - a lamp of fire
 K - 2 phantom mirrors
Comestibles
 f - 53 rations


   Skills:
 - Level 24.0 Fighting
 - Level 13.2(14.0) Short Blades
   Level 7.9(11.6) Long Blades
 - Level 22.0 Armour
 + Level 26.2 Dodging
 - Level 25.0 Shields
 - Level 9.0 Spellcasting
 - Level 2.0 Charms
 - Level 15.5 Necromancy
 O Level 27 Translocations
 O Level 27 Invocations
 - Level 6.0 Evocations


You had 6 spell levels left.
You knew the following spells:

 Your Spells              Type           Power        Failure   Level  Hunger
a - Blink                 Tloc           N/A          0%          2    None
b - Regeneration          Chrm/Necr      ###.......   1%          3    None
c - Deflect Missiles      Chrm/Air       #.........   100%        6    ######.
d - Passage of Golubria   Tloc           N/A          0%          4    ###....
e - Death Channel         Necr           ####......   1%          6    ######.
f - Controlled Blink      Tloc           N/A          1%          8    #######
g - Animate Dead          Necr           N/A          1%          4    ###....
h - Lesser Beckoning      Tloc           ######....   0%          3    None
i - Song of Slaying       Chrm           #.......     6%          2    None


Dungeon Overview and Level Annotations

Branches:
Dungeon (15/15)            Temple (1/1) D:4            Lair (6/6) D:9
  Swamp (4/4) Lair:2        Snake (4/4) Lair:4        Slime (5/5) Lair:5
    Orc (2/2) D:10            Elf (0/3) Orc:2        Vaults (5/5) D:14
  Crypt (3/3) Vaults:2       Tomb (3/3) Crypt:3      Depths (5/5) D:15
   Hell (1/1)                 Dis (7/7) Hell            Geh (7/7) Hell
    Coc (7/7) Hell            Tar (7/7) Hell            Zot (5/5) Depths:5

Altars:
Ashenzari
Cheibriados
Dithmenos
Elyvilon
Fedhas
Gozag
Hepliaklqana
Kikubaaqudgha
Makhleb
Nemelex Xobeh
Okawaru
Qazlal
Ru
Sif Muna
Trog
Uskayaw
Vehumet
Wu Jian
Xom
Yredelemnul
Zin
The Shining One
Beogh

Shops:
D:12 (   Orc:1 (   Orc:2 (:**%   Snake:1 }}=[   Vaults:1 [   Vaults:3 (
Depths:5 }(

Portals:
Hell: Depths:1 Depths:2 Depths:3 Depths:4 Depths:5
Abyss: Depths:3 Depths:4 Depths:5
Pandemonium: Depths:3

Annotations:
Lair:1 exclusion: 3 oklob plants
Lair:5 exclusion: downstairs
Snake:1 exclusion: downstairs
Zot:3 exclusion: downstairs


Innate Abilities, Weirdness & Mutations

You have razor-sharp teeth.
You heal very quickly.
When hurt, damage is shared between your health and your magic reserves.
Your bite disrupts and absorbs the magic of your enemies.
Potions cannot restore your health.
You are immune to rotting.
You have a somewhat thin skeletal structure. (Dex +2, Stealth)
You are partially covered in yellow scales. (AC +2)
You tend to lose your temper in combat.
You can translocate small distances at will.
You are frail. (-10% HP)
You are resistant to hostile enchantments. (MR+)
You are weak. (Str -2)
You evolve.
Your spells are much easier to cast, but much less powerful.
You expend magic power (3 MP) to strengthen your wands.


Message History

You closely miss the Orb Guardian. You bite the Orb Guardian!
You drain its power.
The Orb Guardian is heavily wounded.
You hit the Orb Guardian. You bite the Orb Guardian! You drain its power.
The Orb Guardian is severely wounded.
You block the Orb Guardian's attack.
You hit the Orb Guardian. You bite the Orb Guardian!! You drain its power.
The Orb Guardian is almost dead.
You closely miss the Orb Guardian. Your bite misses the Orb Guardian.
The Orb Guardian is almost dead.
You block the Orb Guardian's attack.
You puncture the Orb Guardian!
Lightning courses through the Orb Guardian!
You kill the Orb Guardian!
Evoke which item? (* to show all) (? for menu, Esc to quit)
Aiming: Dig
Press: ? - help, Shift-Dir - straight line The rock shatters into small pieces.
There is a staircase leading out of the dungeon here.
You have escaped!

..# #.....# ###..(....### #. ..#
#.....###..#######..## #.
..###(....##.####....###.## #.
...##.....#.###..####..##.## #.
#....'#####.##.###..###.##.# #.
...#.#.###.##.## ###.###.#.## ##
#.##.#........## ##.##.##.# #
#....#.###.###.### ###.#.##.# #
#....##.###.###.@###.#.##.#.# #
.....###.###..####..##.##.#.# #
##>..# ##..###....###.###.#.# #
#...######..######..###.##.#####
####.....###......####.####'....
#....(..########...## ######
#..)..##........####
#.....###########
####.##########.#


There were no monsters in sight!

Vanquished Creatures
  Cerebov (Pan)
  Antaeus (Coc:7)
  Asmodeus (Geh:7)
  Gloorx Vloq (Pan)
  the Royal Jelly (Slime:5)
  Ereshkigal (Tar:7)
  Ignacio (Pan)
  the Serpent of Hell (Coc:7)
  Lom Lobon (Pan)
  Mnoleg (Pan)
  Dispater (Dis:7)
  Mara (Crypt:3)
  Khufu (Crypt:3)
  8 orbs of fire
  Mennas (Pan)
  2 juggernauts
  15 ancient liches
  39 greater mummies
  Margery (Depths:3)
  Frederick (Vaults:2)
  21 shard shrikes
  Vashnia (Snake:2)
  Bai Suzhen (Vaults:4)
  Xtahua (Depths:3)
  A caustic shrike (Depths:3)
  2 curse toes
  Geryon (Hell)
  11 golden dragons
  4 Killer Klowns (Zot:5)
  Jory (Depths:3)
  Nikola (Swamp:4)
  2 profane servitors
  the Enchantress (Depths:2)
  14 liches
  15 bone dragons
  4 pandemonium lords
  6 doom hounds
  35 Tzitzimimeh
  19 Brimstone Fiends
  3 electric golems
  7 iron giants
  23 tentacled monstrosities
  A hellephant (Abyss:4)
  Jorgrun (Snake:3)
  12 Hell Sentinels
  16 Ice Fiends
  Rupert (D:14)
  27 Orb Guardians
  15 titans
  19 acid blobs
  Murray (Hell)
  18 sphinxes
  2 eldritch tentacles
  14 quicksilver dragons
  24 Executioners
  8 death cobs
  2 thorn hunters (Swamp:4)
  27 ancient champions
  Kirke (D:14)
  30 tentacled starspawn
  13 tengu reavers
  6 draconian monks
  14 shadow dragons
  Donald (Swamp:3)
  20 storm dragons
  4 revenants
  14 nagarajas
  17 fire giants
  4 daevas
  15 iron dragons
  The ghost of HEYYEYAAE the Convoker, a journeyman DgSu (Snake:3)
  6 draconian knights
  An orc warlord (Zig:2)
  10 azure jellies
  6 draconian scorchers
  3 deep elf sorcerers
  7 warmongers (Pan)
  31 balrugs
  4 corrupters (Pan)
  28 frost giants
  11 cacodemons
  7 ghost moths
  Aizul (Snake:3)
  5 draconian stormcallers
  A caustic shrike zombie (Hell)
  3 curse skulls
  3 deep elf elementalists
  16 vault wardens
  4 ghouls
  2 juggernaut zombies
  4 spriggan defenders
  5 draconian shifters
  15 war gargoyles
  6 blood saints (Pan)
  9 draconian annihilators
  44 very ugly things
  A caustic shrike skeleton (Crypt:3)
  An entropy weaver (Vaults:1)
  18 ironheart preservers
  2 elemental wellsprings (Coc:4)
  6 bennus
  57 reapers
  22 stone giants
  16 vampire knights
  9 black suns
  4 deep elf demonologists
  9 deep elf annihilators
  16 red draconians
  15 lorocyprocas
  11 green draconians
  Azrael (Snake:2)
  12 black draconians
  11 purple draconians
  13 yellow draconians
  20 spark wasps
  A dire elephant (Abyss:1)
  8 white draconians
  6 eidola
  16 jiangshi
  13 ettins
  14 death oozes
  26 mummy priests
  11 green deaths
  13 blizzard demons
  11 deep elf death magi
  Josephine (Lair:4)
  6 quicksilver dragon zombies
  A merfolk javelineer (Depths:2)
  17 fire dragons
  16 great orbs of eyes
  2 kraken zombies
  7 deep elf high priests
  2 monstrous demonspawn (Pan)
  13 yaktaur captains
  A hell beast (Pan)
  7 quicksilver dragon skeletons
  13 naga warriors
  An ice dragon (shapeshifter) (Vaults:5)
  32 vault guards
  18 hydras
  10 anacondas
  38 ice dragons
  12 rakshasas
  Harold (Orc:1)
  2 catoblepae (Lair:6)
  4 ghost crabs
  10 spriggan air magi
  Erica (Lair:1)
  18 centaur warriors
  4 death knights
  38 two-headed ogres
  6 dancing weapons
  11 alligators
  53 death scarabs
  14 ogre magi
  25 hell hogs
  10 deep troll earth magi
  16 naga sharpshooters
  5 tengu warriors
  15 death yaks
  4 orc high priests
  10 deep troll shamans
  9 titan zombies
  8 shock serpents
  13 vampire magi
  28 thrashing horrors
  14 deep elf knights
  8 titan skeletons
  4 spriggans
  65 hell knights
  8 spriggan berserkers
  Sonja (D:14)
  41 sun demons
  10 iron golems
  6 storm dragon zombies
  42 soul eaters
  Nergalle (Orc:1)
  18 wretched stars
  A fire crab (shapeshifter) (Vaults:2)
  6 iron trolls
  6 storm dragon skeletons
  5 salamander mystics
  7 golden dragon zombies
  10 sea snakes (Snake:4)
  9 anaconda zombies
  18 sixfirhies
  13 unseen horrors
  8 spatial maelstroms
  2 death drakes
  35 shadow wraiths
  A quicksilver dragon simulacrum (Coc:3)
  A cherub (Depths:4)
  A death drake (shapeshifter) (Vaults:5)
  30 deep trolls
  4 infernal demonspawn (Pan)
  21 swamp dragons
  2 ghost moth zombies
  85 starcursed masses
  7 naga ritualists
  146 skeletal warriors
  9 shadow demons
  19 flayed ghosts
  3 shambling mangroves
  An obsidian statue (Zig:4)
  2 spark wasp zombies (Hell)
  16 deep elf archers
  4 gelid demonspawn
  6 glowing orange brains
  3 tengu zombies
  3 lindwurms (Swamp:4)
  3 torturous demonspawn
  6 anaconda skeletons
  4 shadow dragon zombies
  4 golden dragon skeletons
  12 wizards
  An orange crystal statue (Depths:2)
  25 phantasmal warriors
  6 orc sorcerers
  10 iron dragon zombies
  19 necromancers
  11 ironbrand convokers
  2 mana vipers (shapeshifter) (Vaults:5)
  5 harpies (Vaults:2)
  21 orc knights
  9 wolf spider zombies
  6 stone giant zombies
  6 wolf spiders
  6 oklob plants
  4 manticores
  12 shadow dragon skeletons
  8 worldbinders
  44 ugly things
  10 mana vipers
  11 fire giant zombies
  10 frost giant zombies
  28 deep elf magi
  11 salamanders
  89 large abominations
  17 moths of wrath
  5 human zombies
  7 shining eyes
  2 elephants (Lair:6)
  A manticore (shapeshifter) (Depths:3)
  4 fire giant skeletons
  7 cyclopes
  5 iron dragon skeletons
  7 frost giant skeletons
  11 guardian serpents
  10 dire elephant zombies
  7 ice statues
  33 smoke demons
  43 rust devils
  A stone giant skeleton (Geh:7)
  3 shock serpent zombies
  20 naga magi
  10 molten gargoyles
  3 eyes of devastation
  24 black mambas
  23 spiny frogs
  A spiny frog (shapeshifter) (D:14)
  5 apocalypse crabs
  2 catoblepas zombies
  A gargoyle (D:12)
  14 vault sentinels
  2 emperor scorpion zombies
  2 dire elephant skeletons
  59 freezing wraiths
  21 hellions
  2 titan simulacra (Crypt:1)
  7 centaur skeletons
  20 orange demons
  A shock serpent skeleton (Coc:7)
  2 storm dragon simulacra
  6 komodo dragons
  4 rime drakes
  A swamp worm zombie (Crypt:3)
  16 demonic crawlers
  4 kobold demonologists
  A death yak zombie (Crypt:1)
  2 yaktaur skeletons
  77 ice devils
  43 tormentors
  40 yaktaurs
  15 ancient zymes
  45 red devils
  13 efreet
  55 guardian mummies
  19 hydra zombies
  37 hellwings
  18 trolls
  A catoblepas skeleton (Tar:3)
  2 polar bears (shapeshifter)
  Grinder (D:3)
  8 harpy zombies
  9 meliai
  7 tyrant leeches
  A meliai (shapeshifter) (Depths:1)
  4 tengu conjurers
  4 silent spectres
  10 hornets
  A hornet (shapeshifter) (Abyss:3)
  2 queen bees
  A wind drake (shapeshifter) (Vaults:3)
  4 harpy skeletons
  4 shadow dragon simulacra
  7 alligator zombies
  2 wolf spider simulacra (Crypt:1)
  2 polar bears (Lair:6)
  A merfolk (D:10)
  An iron troll skeleton (Crypt:1)
  A slime creature (shapeshifter) (Vaults:4)
  5 ice dragon zombies
  9 ettin zombies
  2 guardian serpent zombies (Crypt:2)
  21 blink frogs
  A tarantella zombie (Crypt:3)
  2 meliai zombies (D:14)
  5 hydra skeletons
  8 bog bodies
  An iron dragon simulacrum (Crypt:1)
  12 hippogriffs
  8 fire dragon zombies
  78 raiju
  A blink frog (shapeshifter) (D:15)
  142 slime creatures
  2 dream sheep (Lair:6)
  A frost giant simulacrum (Crypt:1)
  A dream sheep (shapeshifter) (Depths:5)
  Sigmund (D:3)
  5 fire giant simulacra
  2 stone giant simulacra
  128 flying skulls
  4 ice dragon skeletons
  20 water elementals
  10 ushabtiu
  43 wraiths
  4 fire dragon skeletons
  A satyr skeleton (Crypt:2)
  29 shadows
  4 alligator skeletons
  4 redbacks (Vaults:1)
  6 ettin skeletons
  2 shock serpent simulacra (Crypt:1)
  35 fire elementals
  31 ynoxinuls
  3 black mamba zombies
  A black mamba skeleton (Coc:7)
  15 fire bats
  8 basilisks
  4 hogs (D:14)
  4 wyverns
  29 yaks
  2 humans (D:14)
  A golden eye (shapeshifter) (Vaults:5)
  31 golden eyes
  22 neqoxecs
  54 small abominations
  2 hogs (shapeshifter)
  2 steam dragons
  19 vampire mosquitoes
  2 human simulacra (Vaults:2)
  25 chaos spawn
  An emperor scorpion simulacrum (Crypt:1)
  61 nagas
  7 hungry ghosts
  7 wargs
  4 acid dragons
  10 water moccasins
  2 merfolk zombies
  19 swamp worms
  6 spatial vortices
  15 insubstantial wisps
  A swamp worm (shapeshifter) (Depths:3)
  2 floating eyes (Depths:5)
  A water nymph skeleton (Crypt:3)
  4 hydra simulacra
  14 spiny frog zombies
  48 hell hounds
  A merfolk skeleton (Abyss:1)
  6 porcupines
  52 orc warriors
  4 spiny frog skeletons
  A sky beast (shapeshifter) (Depths:2)
  5 black bears
  A gelid demonspawn skeleton (Crypt:3)
  7 snapping turtle zombies
  13 swamp drakes
  4 sky beasts
  A black bear (shapeshifter) (Zig:4)
  3 alligator simulacra
  8 eyes of draining
  2 ice dragon simulacra
  3 swamp dragon zombies
  4 ettin simulacra
  A hog zombie (Crypt:3)
  A manticore zombie (Geh:3)
  2 fire dragon simulacra (Crypt:1)
  32 ogres
  11 phantoms
  A blink frog zombie (Crypt:1)
  13 ice beasts
  25 necrophages
  3 snapping turtle skeletons
  31 centaurs
  7 human skeletons
  2 swamp dragon skeletons
  20 wolves
  16 crocodiles
  11 big kobolds
  3 earth elementals
  16 bullfrogs
  A glowing shapeshifter simulacrum (Vaults:3)
  A spiny frog simulacrum (Crypt:1)
  8 scorpions
  A snapping turtle simulacrum (Crypt:1)
  2 spriggan zombies
  41 killer bees
  3 howler monkeys
  2 spriggan skeletons
  2 manticore simulacra (Crypt:1)
  85 wights
  8 electric eels
  24 crimson imps
  2 draconian simulacra (IceCv)
  3 centaur zombies
  6 lava snakes
  7 quasits
  A bullfrog zombie (D:10)
  14 hounds
  2 jellies (D:10)
  21 orc priests
  Crazy Yiuf (D:7)
  28 orc wizards
  3 bullfrog skeletons
  24 iron imps
  Ijyb (D:3)
  A lightning spire (Zig:8)
  10 iguanas
  3 troll simulacra (IceCv)
  3 worker ants
  2 spriggan simulacra
  A sky beast zombie (Crypt:2)
  A naga zombie (Crypt:1)
  3 centaur simulacra (IceCv)
  A big kobold skeleton (Crypt:1)
  A hound skeleton (D:8)
  48 mummies
  Robin (D:3)
  27 adders
  3 gnolls (D:6)
  An ogre simulacrum (IceCv)
  2 river rats (Sewer)
  21 shadow imps
  45 white imps
  6 ufetubi
  8 oozes
  2 adder zombies
  2 adder skeletons
  2 worms
  A dart slug (D:1)
  7 leopard geckos
  106 orcs
  A ball python (D:6)
  7 giant cockroaches
  19 goblins
  6 hobgoblins
  5 jackals (D:8)
  14 kobolds
  A quokka (D:7)
  11 bats
  15 frilled lizards
  A leopard gecko skeleton (D:6)
  An orc skeleton (Crypt:3)
  An orc zombie (Crypt:3)
  2 quokka skeletons (D:4)
  8 rats
  A bush (D:9)
  A lurking horror (Abyss:2)
  7 pillars of salt
  3 plants
  18 starspawn tentacles
  A tentacle (Hell)
5701 creatures vanquished.

Vanquished Creatures (collateral kills)
  A greater mummy (Tomb:1)
  A corrupter (Pan)
  A warmonger (Pan)
  Nessos (Lair:5)
  A hydra (Lair:6)
  An oklob plant (Lair:2)
  A salamander (Snake:2)
  A naga mage (Snake:2)
  A black mamba (Snake:2)
  A smoke demon (Pan)
  A kobold demonologist (D:14)
  5 hellwings (Pan)
  A basilisk (Lair:2)
  A big kobold (D:14)
  A killer bee (D:14)
  A kobold (D:14)
  A plant (Lair:2)
21 creatures vanquished.

Vanquished Creatures (others)
  5 eldritch tentacles
  A draconian annihilator (Pan)
  A blood saint (Pan)
  2 elemental wellsprings (Coc:7)
  A blizzard demon (Coc:7)
  A quicksilver dragon zombie (Tomb:2)
  A hydra (Swamp:4)
  3 death scarabs (Tomb:3)
  A hell hog (Abyss:3)
  A skeletal warrior (Tomb:2)
  A swamp dragon (Swamp:4)
  A moth of wrath (Zot:5)
  A meliai (D:14)
  A harpy skeleton (Geh:7)
  A spriggan zombie (Hell)
  An alligator skeleton (Hell)
  A spriggan (Swamp:1)
  4 flying skulls
  A water elemental (Coc:7)
  A golden eye (Slime:3)
  A necrophage (Tar:4)
  A bullfrog (D:15)
  A small abomination (Abyss:4)
  2 killer bees (Abyss:4)
  A starcursed mass (Abyss:1)
  3 orc wizards
  An ogre zombie (Dis:5)
  A mummy (Tomb:2)
  A white imp (Coc:7)
  3 ball lightnings (Pan)
  An orc (D:12)
  13 briar patches (Swamp:4)
  A demonic plant (Abyss:4)
  31 fungi
  6 lurking horrors (Abyss:4)
  16 pillars of salt
  53 plants
  77 starspawn tentacles
  8 tentacles
251 creatures vanquished.

Grand Total: 5973 creatures vanquished

Notes
Turn   | Place    | Note
-------+----------+-------------------------------------------
     0 | D:1      | grindst0ne the Vine Stalker Fighter began the quest for the Orb.
     0 | D:1      | Reached XP level 1. HP: 11/11 MP: 2/2
   174 | D:1      | Reached XP level 2. HP: 16/16 MP: 3/3
   526 | D:1      | Reached XP level 3. HP: 16/20 MP: 4/4
   861 | D:2      | Found an ornate altar of the Wu Jian Council.
   861 | D:2      | Found a deep blue altar of Sif Muna.
   911 | D:2      | Found an opulent altar of Gozag.
  1123 | D:2      | Found a shimmering altar of Xom.
  1729 | D:2      | Found a sacrificial altar of Ru.
  1729 | D:2      | Found a basalt altar of Yredelemnul.
  1999 | D:3      | Gained mutation: Your natural rate of healing is unusually fast. [Vine Stalker growth]
  1999 | D:3      | Reached XP level 4. HP: 25/25 MP: 5/5
  2230 | D:3      | Noticed Ijyb
  2246 | D:3      | HP: 1/25 [Ijyb/wand of flame (18) (7)]
  2250 | D:3      | Killed Ijyb
  2304 | D:3      | Noticed Grinder
  2323 | D:3      | Killed Grinder
  2323 | D:3      | Reached XP level 5. HP: 16/30 MP: 2/6
  2323 | D:3      | Reached XP level 6. HP: 19/35 MP: 2/7
  2396 | D:3      | Found a glowing drain.
  2401 | Sewer    | Entered a sewer
  2487 | Sewer    | Reached skill level 5 in Fighting
  2487 | Sewer    | Reached skill level 5 in Shields
  2845 | D:3      | Noticed Robin
  2880 | D:3      | Killed Robin
  2996 | D:3      | Found a hazy altar of Hepliaklqana.
  3075 | D:3      | Noticed Sigmund
  3103 | D:3      | Killed Sigmund
  3103 | D:3      | Reached XP level 7. HP: 25/39 MP: 5/8
  3569 | D:4      | Found an ancient bone altar of Kikubaaqudgha.
  3850 | D:4      | Found a stormy altar of Qazlal.
  4023 | D:4      | Found a staircase to the Ecumenical Temple.
  4090 | D:5      | Entered Level 5 of the Dungeon
  4138 | Temple   | Entered the Ecumenical Temple
  4316 | Temple   | Became a worshipper of Uskayaw the Reveler
  4386 | D:5      | Reached * piety under Uskayaw
  4394 | D:5      | Reached ** piety under Uskayaw
  4437 | D:5      | Gained mutation: You have razor-sharp teeth. [Vine Stalker growth]
  4437 | D:5      | Reached XP level 8. HP: 35/44 MP: 9/9
  4535 | D:5      | Found a stormy altar of Qazlal.
  4537 | D:5      | Noticed an air elemental
  4539 | D:5      | Noticed a water elemental
  4590 | D:5      | Got an ivory falchion
  4593 | D:5      | Identified the +6 falchion of Resourcefulness {vamp, rElec rF+ Dex+2} (You found it on level 5 of the Dungeon)
  4993 | D:5      | Reached *** piety under Uskayaw
  4996 | D:5      | Reached **** piety under Uskayaw
  5613 | D:6      | Noticed a yak
  5614 | D:6      | Noticed a yak
  5614 | D:6      | Noticed a yak
  5630 | D:6      | Killed a yak
  5630 | D:6      | Reached XP level 9. HP: 51/51 MP: 10/10
  5637 | D:6      | Reached ***** piety under Uskayaw
  6726 | D:7      | Found a runed door.
  7169 | D:7      | Noticed Crazy Yiuf
  7172 | D:7      | Killed Crazy Yiuf
  7182 | D:7      | Identified the +4 mace of True Grit {drain, Str+5} (You found it on level 7 of the Dungeon)
  7244 | D:8      | Found a shimmering altar of Xom.
  7245 | D:8      | Found the +16 mace of Variability {chaos}
  7252 | D:8      | Reached XP level 10. HP: 42/58 MP: 9/11
  7717 | D:8      | Reached skill level 10 in Fighting
  7765 | D:8      | Reached skill level 10 in Shields
  7765 | D:8      | Reached skill level 1 in Invocations
  8583 | D:9      | Found a white marble altar of Elyvilon.
  8624 | D:9      | Found a burning altar of Makhleb.
  8624 | D:9      | Found a snail-covered altar of Cheibriados.
  8740 | D:9      | Found a staircase to the Lair.
  8978 | D:9      | Noticed a cyclops
  8981 | D:9      | Noticed a fire dragon
  8981 | D:9      | Found a transporter.
  8981 | D:9      | Found a transporter.
  8982 | D:9      | Noticed a stone giant
  9136 | D:9      | Found a bloodstained altar of Trog.
  9623 | D:10     | Entered Level 10 of the Dungeon
  9647 | D:10     | Reached XP level 11. HP: 42/64 MP: 11/15
  9918 | D:10     | Noticed a two-headed ogre
  9924 | D:10     | Killed a two-headed ogre
  9924 | D:10     | Reached skill level 5 in Invocations
 10054 | D:10     | Killed an unseen horror
 10122 | D:10     | Found a staircase to the Orcish Mines.
 10440 | D:11     | Noticed a purple ugly thing
 10450 | D:11     | Killed a purple ugly thing
 10551 | D:11     | Reached ****** piety under Uskayaw
 10572 | D:11     | Found a frozen archway.
 10585 | IceCv    | Entered an ice cave
 11796 | IceCv    | Noticed a necromancer
 11812 | IceCv    | Killed a necromancer
 11865 | IceCv    | Gained mutation: You heal very quickly. [Vine Stalker growth]
 11865 | IceCv    | Reached XP level 12. HP: 39/70 MP: 18/18
 12171 | D:11     | Noticed a two-headed ogre
 12182 | D:11     | Killed a two-headed ogre
 12694 | Lair:1   | Entered Level 1 of the Lair of Beasts
 12740 | Lair:1   | Got a scintillating steel ring
 13259 | Lair:1   | Noticed Erica
 13267 | Lair:1   | Killed Erica
 13741 | Lair:1   | Identified the ring "Wetym" {EV+5 Slay+2} (You found it on level 1 of the Lair of Beasts)
 13844 | Lair:2   | Reached skill level 1 in Long Blades
 14088 | Lair:2   | Found a staircase to the Swamp.
 14192 | Lair:2   | Noticed an eight-headed hydra
 14206 | Lair:2   | Killed an eight-headed hydra
 14765 | Lair:2   | Reached XP level 13. HP: 76/76 MP: 20/20
 14973 | Lair:3   | Found a dark tunnel.
 14990 | Volcano  | Entered a volcano
 15192 | Volcano  | Found a bloodstained altar of Trog.
 15213 | Volcano  | Noticed a fire dragon
 15220 | Volcano  | Killed a fire dragon
 16056 | Lair:4   | Reached skill level 10 in Invocations
 16173 | Lair:4   | Reached skill level 5 in Long Blades
 16214 | Lair:4   | Noticed Josephine
 16254 | Lair:4   | Killed Josephine
 16496 | Lair:4   | Found a staircase to the Snake Pit.
 16975 | Lair:5   | Got a twisted helmet
 16986 | Lair:5   | Identified the +1 helmet "Eganu" {rElec Int+3 Dex-3} (You found it on level 5 of the Lair of Beasts)
 17052 | Lair:5   | Reached XP level 14. HP: 81/82 MP: 18/22
 17356 | Lair:5   | Noticed Nessos
 17374 | Lair:5   | Killed Nessos
 17374 | Lair:5   | Reached skill level 1 in Evocations
 17389 | Lair:5   | Found a staircase to the Slime Pits.
 17878 | Lair:6   | Entered Level 6 of the Lair of Beasts
 19559 | Lair:6   | Reached XP level 15. HP: 87/87 MP: 24/24
 20329 | D:12     | Reached skill level 5 in Evocations
 20385 | D:12     | Found Worrom's Weapon Boutique.
 20474 | D:12     | Noticed a storm dragon
 20509 | D:12     | Killed a storm dragon
 20557 | D:12     | Found the +4 arc blade {discharge, rElec}
 21654 | D:13     | Got a pair of fine boots
 21665 | D:13     | Identified the +0 pair of boots of Resonance {Str+4} (You found it on level 13 of the Dungeon)
 22129 | D:14     | Noticed Rupert
 22214 | D:14     | Noticed Sonja
 22279 | D:14     | Killed Sonja
 22648 | D:14     | Noticed Kirke
 22659 | D:14     | Noticed a sphinx
 22677 | D:14     | Killed Kirke
 22850 | D:15     | Entered Level 15 of the Dungeon
 22850 | D:15     | Found a glowing golden altar of the Shining One.
 22951 | D:15     | Found a blossoming altar of Fedhas.
 22960 | D:14     | Reached skill level 5 in Short Blades
 22981 | D:14     | Reached XP level 16. HP: 59/93 MP: 26/26
 23333 | D:15     | Found a staircase to the Depths.
 23746 | D:15     | Identified the Papyrus of Warped Poisoning
 23904 | Orc:1    | Entered Level 1 of the Orcish Mines
 23911 | Orc:1    | Noticed Harold
 23927 | Orc:1    | Killed Harold
 23933 | Orc:1    | Noticed Nergalle
 23939 | Orc:1    | Killed Nergalle
 24067 | Orc:2    | Entered Level 2 of the Orcish Mines
 24350 | Orc:2    | Found Raer's Assorted Antiques.
 24818 | Orc:2    | Found Soorgh's Assorted Antiques.
 24820 | Orc:2    | Found Musemp's Food Emporium.
 24821 | Orc:2    | Found Kigetek's Book Shop.
 24840 | Orc:2    | Bought a scroll of enchant armour for 187 gold pieces
 24850 | Orc:2    | Bought a metallic pink potion for 29 gold pieces
 24850 | Orc:2    | Bought a scroll of teleportation for 99 gold pieces
 24850 | Orc:2    | Bought a brightly glowing rapier for 297 gold pieces
 24850 | Orc:2    | Bought a wand of digging (13) for 264 gold pieces
 24850 | Orc:2    | Identified the +9 rapier "Cyahur" {drain, +Fly rF+ rC- Str+7} (You bought it in a shop on level 2 of the Orcish Mines)
 24909 | Orc:2    | Found a staircase to the Elven Halls.
 24938 | Orc:2    | Found Oreocucet's Weapon Shop.
 25292 | Orc:1    | Found Toul's Antique Weapon Emporium.
 25517 | Orc:1    | Found a roughly hewn altar of Beogh.
 25830 | Swamp:1  | Entered Level 1 of the Swamp
 26101 | Swamp:1  | Reached skill level 15 in Fighting
 26101 | Swamp:1  | Reached XP level 17. HP: 89/99 MP: 27/27
 26114 | Swamp:1  | Reached skill level 15 in Shields
 27203 | Swamp:2  | Reached skill level 5 in Armour
 27612 | Swamp:3  | Reached skill level 10 in Short Blades
 28280 | Swamp:4  | Entered Level 4 of the Swamp
 28348 | Swamp:4  | Learned a level 2 spell: Blink
 28352 | Swamp:4  | Learned a level 3 spell: Regeneration
 28359 | Swamp:4  | Learned a level 6 spell: Deflect Missiles
 28364 | Swamp:4  | Learned a level 4 spell: Passage of Golubria
 28387 | Swamp:4  | Noticed Donald
 28546 | Swamp:4  | Reached skill level 1 in Translocations
 28572 | Swamp:4  | Noticed Nikola
 28623 | Swamp:3  | Killed Donald
 28837 | Swamp:4  | Killed Nikola
 29091 | Swamp:4  | Reached skill level 5 in Translocations
 29190 | Swamp:4  | Reached XP level 18. HP: 97/104 MP: 28/28
 29395 | Swamp:4  | Got a decaying rune of Zot
 29826 | Snake:1  | Entered Level 1 of the Snake Pit
 29976 | Snake:1  | Found Kamasyno's Gadget Emporium.
 29986 | Snake:1  | Found Rorhib Xie's Gadget Emporium.
 29987 | Snake:1  | Found Eschiajulo's Jewellery Boutique.
 30008 | Snake:1  | Bought a wand of acid (9) for 312 gold pieces
 30291 | Snake:1  | Found Okhitul's Armour Boutique.
 30325 | Snake:1  | Found a transporter.
 30335 | Snake:1  | Found a deep blue altar of Sif Muna.
 30570 | Snake:2  | Reached skill level 1 in Dodging
 30755 | Snake:2  | Noticed Vashnia
 30812 | Snake:2  | Killed Vashnia
 30817 | Snake:2  | Noticed Azrael
 30893 | Snake:2  | Killed Azrael
 31440 | Snake:3  | Noticed HEYYEYAAE's ghost (journeyman DgSu)
 31507 | Snake:3  | Killed HEYYEYAAE's ghost
 31575 | Snake:3  | Noticed Jorgrun
 31597 | Snake:3  | Killed Jorgrun
 31702 | Snake:3  | Noticed Aizul
 31718 | Snake:3  | Killed Aizul
 31802 | Snake:3  | Found an ornate altar of the Wu Jian Council.
 32020 | Snake:4  | Entered Level 4 of the Snake Pit
 32190 | Snake:4  | Reached XP level 19. HP: 107/108 MP: 30/30
 32842 | Snake:4  | Reached skill level 10 in Translocations
 33288 | Snake:4  | Reached skill level 5 in Dodging
 33315 | Snake:4  | Got a serpentine rune of Zot
 33917 | D:9      | Got a scorched wooden ring
 33919 | D:9      | Identified the ring "Retibb" {*Tele Int+4} (You found it on level 9 of the Dungeon)
 33923 | D:9      | Got a pitted ivory ring
 33924 | D:9      | Identified the ring "Nojasaes" {rElec rN+ Dex+3 SInv} (You found it on level 9 of the Dungeon)
 34183 | D:14     | Killed Rupert
 34194 | D:14     | Found a gate to the Vaults.
 34219 | Vaults:1 | Entered Level 1 of the Vaults
 34336 | Vaults:1 | Found Punecubu's Antique Armour Emporium.
 34354 | Vaults:1 | Bought a pair of glowing gloves for 172 gold pieces
 34770 | Vaults:1 | Reached XP level 20. HP: 89/113 MP: 31/31
 35000 | Vaults:1 | Found an opulent altar of Gozag.
 35322 | Vaults:1 | Paralysed by a great orb of eyes for 4 turns
 35327 | Vaults:1 | Reached skill level 15 in Invocations
 35709 | Vaults:2 | Found a portal to a secret trove of treasure.
 36254 | Vaults:2 | Reached skill level 1 in Spellcasting
 36257 | Vaults:2 | Found a staircase to the Crypt.
 36652 | Vaults:2 | Reached skill level 15 in Translocations
 36740 | Vaults:2 | Noticed Frederick
 36755 | Vaults:2 | Killed Frederick
 36755 | Vaults:2 | Reached skill level 5 in Spellcasting
 36755 | Vaults:2 | Reached XP level 21. HP: 90/117 MP: 26/33
 37276 | Vaults:3 | Got a pair of smoking boots
 37287 | Vaults:3 | Identified the +0 pair of boots of Immorality {rElec Regen+ Dex-5 SInv} (You found it on level 3 of the Vaults)
 37391 | Vaults:3 | Found Doinegim's Weapon Shoppe.
 38809 | Vaults:4 | Noticed Bai Suzhen
 38856 | Vaults:4 | Killed Bai Suzhen
 38863 | Vaults:4 | Reached XP level 22. HP: 108/125 MP: 34/34
 39937 | Depths:1 | Entered Level 1 of the Depths
 40174 | Depths:1 | Reached skill level 10 in Armour
 40903 | Depths:1 | Found a gateway to Hell.
 41229 | Depths:2 | Found an iron altar of Okawaru.
 41353 | Depths:2 | Found a flickering gateway to a bazaar.
 41363 | Bazaar   | Entered a bazaar
 41363 | Bazaar   | Found Heajioly's Antique Armour Shoppe.
 41380 | Bazaar   | Found Qasuxt's Armour Shoppe.
 41408 | Bazaar   | Found Tamac's Antique Armour Shoppe.
 41438 | Bazaar   | Bought a +1 helmet of intelligence for 264 gold pieces
 41438 | Bazaar   | Bought the +5 plate armour of Undesirable Species {rPois rF+ Str+4} for 1193 gold pieces
 41580 | Depths:2 | Found a gateway to a ziggurat.
 42583 | Depths:2 | Reached XP level 23. HP: 103/131 MP: 36/36
 42646 | Depths:2 | Noticed a golden dragon
 42684 | Depths:2 | Killed a golden dragon
 42761 | Depths:2 | Noticed a golden dragon
 42787 | Depths:2 | Killed a golden dragon
 43181 | Depths:2 | Noticed the Enchantress
 43198 | Depths:2 | Killed the Enchantress
 43220 | Depths:2 | Got faerie dragon scales
 43245 | Depths:2 | Identified the +2 faerie dragon scales {rCorr Int+3} (You took it off the Enchantress on level 2 of the Depths)
 43322 | Depths:2 | Noticed a juggernaut
 43350 | Depths:2 | Killed a juggernaut
 43353 | Depths:2 | Got an ancient golden ring
 43716 | Depths:2 | Learned a level 6 spell: Death Channel
 43717 | Depths:2 | Identified the ring "Mousa" {*Drain +Inv rPois rC+ Str+4} (You took it off a spriggan defender on level 2 of the Depths)
 43855 | Depths:3 | Noticed a golden dragon
 43855 | Depths:3 | Noticed a caustic shrike
 43873 | Depths:3 | Killed a caustic shrike
 43906 | Depths:3 | Killed a golden dragon
 44025 | Depths:3 | Reached skill level 1 in Necromancy
 44051 | Depths:3 | Noticed Margery
 44080 | Depths:3 | Reached XP level 24. HP: 70/139 MP: 24/36
 44081 | Depths:3 | Killed Margery
 44234 | Depths:3 | Noticed Xtahua
 44235 | Depths:3 | Killed Xtahua
 44363 | Depths:3 | Reached skill level 5 in Necromancy
 45473 | Depths:3 | Found a one-way gate to the infinite horrors of the Abyss.
 45474 | Depths:3 | Noticed Jory
 45495 | Depths:3 | Killed Jory
 45723 | Depths:3 | Found a one-way gate leading to the halls of Pandemonium.
 46344 | Depths:4 | Reached skill level 10 in Necromancy
 46376 | Depths:4 | Noticed a juggernaut
 46397 | Depths:4 | Killed a juggernaut
 46801 | Depths:5 | Entered Level 5 of the Depths
 46880 | Depths:5 | Reached XP level 25. HP: 143/143 MP: 37/37
 47054 | Depths:5 | Paralysed by a floating eye for 2 turns
 47169 | Depths:5 | Found a gate to the Realm of Zot.
 47345 | Depths:5 | Identified the ring of Zinnaem {rF+ rN+ Int-3 Dex+2 Stlth+} (You found it on level 5 of the Depths)
 47398 | Depths:5 | Found Ecruylich's Gadget Boutique.
 47642 | Depths:5 | Reached skill level 15 in Necromancy
 47661 | Depths:5 | Got a translucent lapis lazuli ring
 47665 | Depths:5 | Identified the ring "Kiushru" {*Tele *Slow rElec rF+} (You found it on level 5 of the Depths)
 47784 | Depths:5 | Got a twitching bronze ring
 47937 | Depths:5 | Found Dock's Antique Weapon Shop.
 47958 | Depths:5 | Identified the ring "Inif" {+Blink rElec rF+ Str+4} (You took it off a vampire mage on level 5 of the Depths)
 48323 | Crypt:1  | Entered Level 1 of the Crypt
 48402 | Crypt:1  | Reached skill level 1 in Charms
 49031 | Orc:2    | Bought a book of the Warp for 1350 gold pieces
 49040 | Orc:2    | Learned a level 8 spell: Controlled Blink
 50600 | Crypt:2  | Reached XP level 26. HP: 142/149 MP: 37/37
 51187 | Crypt:2  | Learned a level 4 spell: Animate Dead
 51199 | Crypt:3  | Entered Level 3 of the Crypt
 51297 | Crypt:3  | Noticed a greater mummy
 51298 | Crypt:3  | Noticed a greater mummy
 51463 | Crypt:3  | Killed a greater mummy
 51556 | Crypt:3  | Noticed Khufu
 51571 | Crypt:3  | Killed a greater mummy
 51575 | Crypt:3  | Killed Khufu
 52156 | Crypt:3  | Noticed Mara
 52217 | Crypt:3  | Killed Mara
 52384 | Crypt:3  | Found a staircase to the Tomb.
 52512 | Crypt:3  | Found an ancient bone altar of Kikubaaqudgha.
 53030 | Crypt:3  | Found an ancient bone altar of Kikubaaqudgha.
 53037 | Crypt:3  | Found a basalt altar of Yredelemnul.
 53104 | Crypt:3  | Got a shimmering amber ring
 53105 | Crypt:3  | Identified the ring of the Suburbs {rN++ Slay-4 Stlth-} (You found it on level 3 of the Crypt)
 53907 | Vaults:5 | Entered Level 5 of the Vaults
 53968 | Vaults:5 | Noticed an ancient lich
 53988 | Vaults:5 | Killed an ancient lich
 54010 | Vaults:5 | Reached XP level 27. HP: 116/153 MP: 37/37
 54247 | Vaults:5 | Identified the +6 chain mail "Koblul" {rF++ rN+ rCorr Slay-2} (You took it off a vault guard on level 5 of the Vaults)
 54280 | Vaults:5 | Got a silver rune of Zot
 54322 | Vaults:5 | Reached skill level 15 in Armour
 54752 | Vaults:5 | Identified the Tome of Ice and Venom
 54954 | Vaults:5 | Identified Rago's Handbook of Beguiling
 55606 | Vaults:5 | Noticed an ancient lich
 55621 | Vaults:5 | Killed an ancient lich
 55680 | Vaults:5 | Identified the +4 dagger "Dathru" {pierce, rN+ Str-3 Int+3} (You found it on level 5 of the Vaults)
 56625 | Snake:1  | Found a transporter.
 56742 | Snake:1  | Identified the Grimoire of Twisted Ignition
 57256 | Zot:1    | Entered Level 1 of the Realm of Zot
 57732 | Zot:1    | Noticed an orb of fire
 57734 | Zot:1    | Gained mutation: Your spells are a little easier to cast, but a little less powerful. [an orb of fire]
 57738 | Zot:1    | Gained mutation: You expend magic power (3 MP) to strengthen your wands. [an orb of fire]
 57757 | Zot:1    | Gained mutation: Armour fits poorly on your strangely shaped body. [an orb of fire]
 57768 | Zot:1    | Gained mutation: Your spells are easier to cast, but less powerful. [an orb of fire]
 57772 | Zot:1    | Gained mutation: Scrolls take you a little longer to read. [an orb of fire]
 57780 | Zot:1    | Killed an orb of fire
 59729 | Vaults:2 | You paid a toll of 15 scrolls of teleportation to enter a treasure trove
 59730 | Trove    | Entered a treasure trove
 59734 | Trove    | Got an ancient amber ring
 59736 | Trove    | Got a warped ivory amulet
 59761 | Trove    | Got a crude copper ring
 59767 | Trove    | Got a sparkling marble ring
 59769 | Trove    | Got a pitted jade ring
 59800 | Vaults:2 | Identified the ring "Ytudac" {*Contam rN+ Int+8 Stlth+} (You found it in a treasure trove)
 59802 | Vaults:2 | Identified the amulet of Xifeptu {Acrobat rPois MR- Str+2} (You found it in a treasure trove)
 59810 | Vaults:2 | Identified the ring of Okawaru's Condemnation {*Slow +Fly rElec rPois} (You found it in a treasure trove)
 59814 | Vaults:2 | Identified the ring "Vosaenk" {Ice *Drain MR++ Int+4 SInv} (You found it in a treasure trove)
 59816 | Vaults:2 | Identified the ring of Cikhlie {-Tele +Inv Str+8 Dex-5 Stlth-} (You found it in a treasure trove)
 59843 | Vaults:2 | Lost mutation: Scrolls take you a little longer to read. [potion of mutation]
 59843 | Vaults:2 | Lost mutation: Armour fits poorly on your strangely shaped body. [potion of mutation]
 59843 | Vaults:2 | Lost mutation: Your spells are easier to cast, but less powerful. [potion of mutation]
 59843 | Vaults:2 | Gained mutation: You evolve. [potion of mutation]
 59843 | Vaults:2 | Gained mutation: Your flesh is heat resistant. (rF+) [potion of mutation]
 59928 | D:14     | Gained mutation: You can translocate small distances at will. [evolution]
 60893 | Zot:3    | Noticed an orb of fire
 60914 | Zot:3    | Gained mutation: You are frail. (-10% HP) [an orb of fire]
 60918 | Zot:3    | Killed an orb of fire
 62539 | Zot:4    | Noticed an orb of fire
 62570 | Zot:4    | Killed an orb of fire
 62990 | Zot:5    | Entered Level 5 of the Realm of Zot
 63303 | Zot:5    | Noticed an ancient lich
 63314 | Zot:5    | Killed an ancient lich
 63334 | Zot:5    | Noticed an ancient lich
 63351 | Zot:5    | Killed an ancient lich
 63357 | Zot:5    | Noticed an ancient lich
 63358 | Zot:5    | Noticed an ancient lich
 63363 | Zot:5    | Killed an ancient lich
 63390 | Zot:5    | Killed an ancient lich
 63534 | Zot:5    | Noticed an ancient lich
 63535 | Zot:5    | Noticed an orb of fire
 63576 | Zot:5    | Killed an orb of fire
 63580 | Zot:5    | Killed an ancient lich
 63666 | Zot:5    | Noticed an ancient lich
 63895 | Zot:5    | Killed an ancient lich
 63946 | Zot:5    | Noticed an orb of fire
 63946 | Zot:5    | Gained mutation: Your body sometimes deteriorates upon taking damage. [an orb of fire]
 63958 | Zot:5    | Killed an orb of fire
 63959 | Zot:5    | Noticed an ancient lich
 63978 | Zot:5    | Killed an ancient lich
 63985 | Zot:5    | Noticed an orb of fire
 63997 | Zot:5    | Gained mutation: You are very frail. (-20% HP) [an orb of fire]
 64010 | Zot:5    | Killed an orb of fire
 64076 | Zot:5    | Noticed an orb of fire
 64076 | Zot:5    | Gained mutation: Armour fits poorly on your strangely shaped body. [an orb of fire]
 64079 | Zot:5    | Gained mutation: You tend to lose your temper in combat. [an orb of fire]
 64080 | Zot:5    | Gained mutation: You often lose your temper in combat. [an orb of fire]
 64102 | Zot:5    | Gained mutation: Scrolls take you a little longer to read. [an orb of fire]
 64115 | Zot:5    | Killed an orb of fire
 64636 | Zot:5    | Noticed an orb of fire
 64642 | Zot:5    | Gained mutation: You are dopey. (Int -2) [an orb of fire]
 64667 | Zot:5    | Killed an orb of fire
 65841 | Temple   | Fell from the grace of Uskayaw
 65841 | Temple   | Became a worshipper of Zin the Law-Giver
 65841 | Temple   | Reached * piety under Zin
 65841 | Temple   | Reached ** piety under Zin
 65843 | Temple   | Donated 1815 gold pieces to Zin
 65867 | Temple   | Reached *** piety under Zin
 65873 | D:4      | Donated 908 gold pieces to Zin
 65874 | D:4      | Donated 454 gold pieces to Zin
 65988 | D:9      | Reached **** piety under Zin
 66136 | Depths:1 | Reached ***** piety under Zin
 66187 | Hell     | Entered the Vestibule of Hell
 66187 | Hell     | Noticed Geryon
 66191 | Depths:1 | Donated 227 gold pieces to Zin
 66442 | Depths:1 | Donated 113 gold pieces to Zin
 66443 | Depths:1 | Donated 57 gold pieces to Zin
 66589 | Hell     | Killed Geryon
 67066 | Hell     | Noticed Murray
 67511 | Depths:1 | Donated 28 gold pieces to Zin
 68045 | Slime:1  | Entered Level 1 of the Pits of Slime
 68908 | Depths:3 | Voluntarily entered the Abyss.
 68908 | Abyss:1  | Found a corrupted altar of Lugonu.
 69150 | Abyss:1  | Paralysed by accursed screaming for 1 turns
 69223 | Abyss:1  | Paralysed by the fury of Uskayaw for 4 turns
 69409 | Abyss:1  | Reached ****** piety under Zin
 69562 | Depths:3 | Escaped the Abyss
 70755 | Slime:5  | Entered Level 5 of the Pits of Slime
 71233 | Slime:5  | Noticed the Royal Jelly
 71264 | Slime:4  | Gained mutation: You are extremely frail. (-30% HP) [a shining eye]
 71406 | Slime:5  | Killed the Royal Jelly
 71799 | Slime:5  | Identified a scroll of acquirement
 71814 | Slime:5  | Got a slimy rune of Zot
 71970 | Slime:5  | Identified the +3 plate armour "Uneobirph" {rC++ Stlth+} (You found it on level 5 of the Pits of Slime)
 72414 | Zig:1    | Entered Level 1 of a ziggurat
 72477 | Zig:2    | Entered Level 2 of a ziggurat
 72637 | Zig:3    | Entered Level 3 of a ziggurat
 72781 | Zig:4    | Entered Level 4 of a ziggurat
 72854 | Zig:5    | Entered Level 5 of a ziggurat
 72890 | Zig:5    | Identified Nucupty's Second Course in Witchery
 72909 | Zig:5    | Donated 275 gold pieces to Zin
 72911 | Zig:5    | Donated 137 gold pieces to Zin
 72912 | Zig:5    | Donated 69 gold pieces to Zin
 72913 | Zig:5    | Donated 34 gold pieces to Zin
 72959 | Zig:6    | Entered Level 6 of a ziggurat
 73035 | Zig:6    | Donated 17 gold pieces to Zin
 73045 | Zig:7    | Entered Level 7 of a ziggurat
 73056 | Zig:7    | Found the cursed +14 obsidian axe {chop, +Fly SInv *Curse}
 73122 | Zig:8    | Entered Level 8 of a ziggurat
 73181 | Zig:8    | Found the +0 sword of Power
 73212 | Zig:8    | Donated 46 gold pieces to Zin
 73236 | Zig:8    | Identified the cursed +1 plate armour of the Buccaneer {+Fly rF- rN+++ Int-5} (You found it on level 8 of a ziggurat)
 73242 | Zig:9    | Entered Level 9 of a ziggurat
 73337 | Depths:3 | Voluntarily entered the Abyss.
 73596 | Abyss:1  | Found a corrupted altar of Lugonu.
 73734 | Abyss:1  | Donated 48 gold pieces to Zin
 74066 | Abyss:1  | Reached skill level 10 in Dodging
 74227 | Abyss:1  | Donated 50 gold pieces to Zin
 74326 | Abyss:1  | Paralysed by the fury of Uskayaw for 4 turns
 74654 | Abyss:2  | Noticed an ancient lich
 74691 | Abyss:2  | Killed an ancient lich
 74733 | Abyss:2  | Found a corrupted altar of Lugonu.
 74801 | Abyss:3  | Found a corrupted altar of Lugonu.
 74878 | Abyss:3  | Donated 59 gold pieces to Zin
 75011 | Abyss:3  | Paralysed by accursed screaming for 1 turns
 75103 | Abyss:3  | Found a corrupted altar of Lugonu.
 75245 | Abyss:3  | Was forgiven by Uskayaw
 75285 | Abyss:4  | Found a corrupted altar of Lugonu.
 75290 | Abyss:4  | Donated 94 gold pieces to Zin
 75305 | Abyss:4  | Found a corrupted altar of Lugonu.
 75311 | Abyss:4  | Found a corrupted altar of Lugonu.
 75679 | Abyss:4  | Paralysed by accursed screaming for 2 turns
 75809 | Abyss:4  | Found a corrupted altar of Lugonu.
 75893 | Abyss:4  | Paralysed by accursed screaming for 2 turns
 75897 | Abyss:5  | Entered Level 5 of the Abyss
 75897 | Abyss:5  | Found a corrupted altar of Lugonu.
 75918 | Abyss:5  | Found a corrupted altar of Lugonu.
 75980 | Abyss:5  | Donated 47 gold pieces to Zin
 76020 | Abyss:5  | Donated 35 gold pieces to Zin
 76232 | Abyss:5  | Found a corrupted altar of Lugonu.
 76292 | Depths:3 | Escaped the Abyss
 76303 | Depths:3 | Donated 18 gold pieces to Zin
 76393 | Hell     | Noticed an ancient lich
 76529 | Depths:3 | Killed an ancient lich
 76749 | Hell     | Killed Murray
 77025 | Hell     | Found a gateway to the decaying netherworld of Tartarus.
 77084 | Hell     | Found a gateway to the ashen valley of Gehenna.
 77219 | Hell     | Found a gateway to the Iron City of Dis.
 77281 | Hell     | Found a gateway to the freezing wastes of Cocytus.
 77429 | Geh:1    | Entered Level 1 of Gehenna
 77884 | Geh:3    | Donated 9 gold pieces to Zin
 78990 | Geh:6    | Reached skill level 15 in Dodging
 79202 | Geh:7    | Entered Level 7 of Gehenna
 79941 | Geh:7    | Donated 102 gold pieces to Zin
 80045 | Geh:7    | Donated 123 gold pieces to Zin
 80046 | Geh:7    | Donated 62 gold pieces to Zin
 80195 | Geh:7    | Donated 158 gold pieces to Zin
 80196 | Geh:7    | Donated 79 gold pieces to Zin
 80341 | Geh:7    | Donated 103 gold pieces to Zin
 80573 | Geh:7    | Donated 65 gold pieces to Zin
 80574 | Geh:7    | Donated 33 gold pieces to Zin
 80640 | Geh:7    | Noticed Asmodeus
 80693 | Geh:7    | Killed Asmodeus
 80711 | Geh:7    | Got an obsidian rune of Zot
 80721 | Geh:7    | Donated 244 gold pieces to Zin
 80722 | Geh:7    | Donated 122 gold pieces to Zin
 81833 | Coc:1    | Entered Level 1 of Cocytus
 82887 | Hell     | Donated 61 gold pieces to Zin
 84157 | Coc:7    | Entered Level 7 of Cocytus
 84168 | Coc:7    | Noticed Antaeus
 84172 | Coc:7    | Got an icy rune of Zot
 84406 | Coc:7    | Found the +2 pair of boots of the Assassin {Detection Stab+ Stlth++}
 84530 | Coc:7    | Noticed the Serpent of Hell
 84581 | Coc:7    | Killed the Serpent of Hell
 84900 | Coc:7    | Donated 103 gold pieces to Zin
 84901 | Coc:7    | Donated 51 gold pieces to Zin
 84913 | Coc:7    | Lost mutation: Your body sometimes deteriorates upon taking damage. [potion of mutation]
 84913 | Coc:7    | Lost mutation: Armour fits poorly on your strangely shaped body. [potion of mutation]
 84913 | Coc:7    | Lost mutation: Scrolls take you a little longer to read. [potion of mutation]
 84915 | Coc:7    | Lost mutation: You evolve. [potion of mutation]
 84915 | Coc:7    | Lost mutation: You are extremely frail. (-30% HP) [potion of mutation]
 84915 | Coc:7    | Lost mutation: Your flesh is heat resistant. (rF+) [potion of mutation]
 84916 | Coc:7    | Lost mutation: You are very frail. (-20% HP) [potion of mutation]
 84916 | Coc:7    | Lost mutation: You expend magic power (3 MP) to strengthen your wands. [potion of mutation]
 84916 | Coc:7    | Lost mutation: You are dopey. (Int -2) [potion of mutation]
 85070 | Coc:7    | Reached skill level 27 in Translocations
 87087 | Coc:7    | Killed Antaeus
 87252 | Coc:7    | Got a pitted jade ring
 87254 | Coc:7    | Identified the ring of Duoz {MR+ Int+2} (You found it on level 7 of Cocytus)
 87452 | Tar:1    | Entered Level 1 of Tartarus
 88496 | Tar:4    | Noticed an ancient lich
 88497 | Tar:4    | Noticed an ancient lich
 88510 | Tar:4    | Killed an ancient lich
 88523 | Tar:4    | Killed an ancient lich
 91018 | Tar:7    | Entered Level 7 of Tartarus
 91821 | Tar:7    | Noticed Ereshkigal
 91877 | Tar:7    | Killed Ereshkigal
 91996 | Tar:7    | Got a bone rune of Zot
 92342 | Tar:7    | Identified the cursed +1 fire dragon scales of Dicrod {rF++ rC- Int+2 Dex-3 Stlth+} (You found it on level 7 of Tartarus)
 93349 | Tar:7    | Identified the Incunabulum of Supportive Stones
 93377 | Tar:7    | Got a scintillating pewter ring
 93378 | Tar:7    | Identified the ring of Qazlal's Regard {Int+3 Stlth+} (You found it on level 7 of Tartarus)
 93476 | Tar:7    | Found the amulet of the Air {Inacc +Fly rElec EV+5 RMsl}
 93532 | Tar:7    | Got a clouded pewter ring
 93533 | Tar:7    | Identified the ring "Aklidgh" {rCorr Dex+2} (You found it on level 7 of Tartarus)
 93625 | Tar:7    | Got a coiled amber ring
 93626 | Tar:7    | Identified the ring "Setotato" {rC+ rN+ Slay+4} (You found it on level 7 of Tartarus)
 94618 | Snake:1  | Bought a wand of digging (11) for 540 gold pieces
 94624 | Snake:1  | Bought a wand of digging (13) for 408 gold pieces
 96819 | Tar:7    | Identified the +1 gold dragon scales "Hiqepyem" {rElec rPois rF+ rC+ Str+2 Int+2} (You found it on level 7 of Tartarus)
 96823 | Tar:7    | Got a sparkling golden ring
 96824 | Tar:7    | Identified the ring "Riush" {rPois rF+ rC+ Str-4 Slay+5} (You found it on level 7 of Tartarus)
 97050 | Dis:1    | Entered Level 1 of the Iron City of Dis
 99001 | Dis:5    | Found a burning altar of Makhleb.
 99186 | Dis:7    | Entered Level 7 of the Iron City of Dis
100709 | Dis:7    | Identified the cursed +0 pair of boots "Liqil" {MR++ Dex-3 SInv} (You found it on level 7 of the Iron City of Dis)
101238 | Dis:7    | Noticed Dispater
101449 | Dis:7    | Killed Dispater
101552 | Dis:7    | Got an iron rune of Zot
102348 | Depths:4 | Voluntarily entered the Abyss.
102378 | Abyss:1  | Paralysed by accursed screaming for 2 turns
102542 | Abyss:1  | Paralysed by accursed screaming for 1 turns
102551 | Abyss:1  | Paralysed by accursed screaming for 2 turns
102559 | Abyss:1  | Paralysed by accursed screaming for 2 turns
102782 | Abyss:2  | Found a corrupted altar of Lugonu.
102839 | Depths:4 | Escaped the Abyss
102954 | D:15     | Fell from the grace of Zin
102954 | D:15     | Became a worshipper of the Shining One
102954 | D:15     | Reached * piety under the Shining One
102954 | D:15     | Reached ** piety under the Shining One
102954 | D:15     | Reached *** piety under the Shining One
103088 | Depths:3 | Voluntarily entered the Abyss.
103140 | Abyss:2  | Found a corrupted altar of Lugonu.
103179 | Abyss:2  | Reached **** piety under the Shining One
103521 | Abyss:3  | Found a corrupted altar of Lugonu.
103579 | Abyss:3  | Reached ***** piety under the Shining One
103674 | Abyss:3  | Found an iron altar of Okawaru.
103845 | Abyss:3  | Found a corrupted altar of Lugonu.
104080 | Abyss:4  | Found a corrupted altar of Lugonu.
104136 | Abyss:4  | Found a corrupted altar of Lugonu.
104240 | Abyss:4  | Reached ****** piety under the Shining One
104374 | Abyss:4  | Found a corrupted altar of Lugonu.
104459 | Abyss:4  | Got an abyssal rune of Zot
104973 | Abyss:4  | Paralysed by accursed screaming for 1 turns
105043 | Depths:3 | Escaped the Abyss
105298 | Vaults:1 | Bought a glowing large shield for 172 gold pieces
105593 | Pan      | Entered Pandemonium
105698 | Pan      | Lost mutation: You often lose your temper in combat. [potion of mutation]
105698 | Pan      | Lost mutation: You are frail. (-10% HP) [potion of mutation]
105698 | Pan      | Lost mutation: Your spells are a little easier to cast, but a little less powerful. [potion of mutation]
105698 | Pan      | Gained mutation: You evolve. [potion of mutation]
105698 | Pan      | Gained mutation: You have a somewhat thin skeletal structure. (Dex +2, Stealth) [potion of mutation]
105698 | Pan      | Gained mutation: You are partially covered in yellow scales. (AC +2) [potion of mutation]
106584 | Pan      | Noticed Sodeci the pandemonium lord
106767 | Pan      | Killed Sodeci the pandemonium lord
106812 | Pan      | Found a runed door.
106891 | Pan      | Noticed Mennas
106963 | Pan      | Killed Mennas
107319 | Pan      | Entered the realm of Lom Lobon.
107881 | Pan      | Noticed Lom Lobon
107920 | Pan      | Killed Lom Lobon
107949 | Pan      | Got a magical rune of Zot
108180 | Pan      | Entered the realm of Mnoleg.
108280 | Pan      | Gained mutation: Your spells are a little easier to cast, but a little less powerful. [a neqoxec]
108482 | Pan      | Noticed Mnoleg
108539 | Pan      | Gained mutation: You expend magic power (3 MP) to strengthen your wands. [a cacodemon]
108542 | Pan      | Gained mutation: You are frail. (-10% HP) [a cacodemon]
108544 | Pan      | Gained mutation: You are weak. (Str -2) [Mnoleg's mutagenic touch]
108545 | Pan      | Gained mutation: Your spells are easier to cast, but less powerful. [a cacodemon]
108578 | Pan      | Killed Mnoleg
108664 | Pan      | Got a glowing rune of Zot
108763 | Pan      | Entered the realm of Gloorx Vloq.
108939 | Pan      | Identified the +0 pair of boots "Hachaa Esoz" {*Drain rN+ Str+4 Int+3} (You found it in Pandemonium)
109377 | Pan      | Noticed Gloorx Vloq
109406 | Pan      | Killed Gloorx Vloq
109419 | Pan      | Got a dark rune of Zot
110122 | Pan      | Found an exit through the horrors of the Abyss.
110332 | Pan      | Entered the realm of Cerebov.
110955 | Pan      | Got a fine iron ring
110956 | Pan      | Identified the cursed ring of Xom's Flight of Fancy {MR+ Int-4} (You found it in Pandemonium)
111033 | Pan      | Noticed Cerebov
111099 | Pan      | Killed Cerebov
111164 | Pan      | Got a fiery rune of Zot
111280 | Pan      | Got a pitted silver ring
111281 | Pan      | Identified the ring "Kewk" {*Tele rPois Int+2} (You found it in Pandemonium)
111623 | Pan      | Noticed Hauzxi the pandemonium lord
111631 | Pan      | Killed Hauzxi the pandemonium lord
111655 | Pan      | Got a demonic rune of Zot
111679 | Pan      | Reached skill level 27 in Invocations
111695 | Pan      | Gained mutation: Your spells are much easier to cast, but much less powerful. [a neqoxec]
112058 | Pan      | Noticed Jagein the pandemonium lord
112089 | Pan      | Killed Jagein the pandemonium lord
112320 | Pan      | Noticed Ignacio
112340 | Pan      | Killed Ignacio
112477 | Pan      | Found an exit through the horrors of the Abyss.
112493 | Pan      | Took an exit into the Abyss.
112493 | Abyss:1  | Escaped into the Abyss
112500 | Depths:3 | Escaped the Abyss
112966 | Tomb:1   | Entered Level 1 of the Tomb of the Ancients
113327 | Tomb:1   | Gained mutation: You are resistant to hostile enchantments. (MR+) [evolution]
113330 | Tomb:1   | Noticed a greater mummy
113379 | Tomb:1   | Killed a greater mummy
113390 | Tomb:1   | Noticed a greater mummy
113403 | Tomb:1   | Killed a greater mummy
113973 | Tomb:1   | Noticed a greater mummy
113973 | Tomb:1   | Noticed a greater mummy
113973 | Tomb:1   | Noticed a greater mummy
113977 | Tomb:1   | Killed a greater mummy
113977 | Tomb:1   | Killed a greater mummy
113988 | Tomb:1   | Killed a greater mummy
114082 | Tomb:2   | Noticed a greater mummy
114097 | Tomb:2   | Killed a greater mummy
114131 | Tomb:2   | Noticed a greater mummy
114142 | Tomb:2   | Killed a greater mummy
114143 | Tomb:2   | Noticed a greater mummy
114150 | Tomb:2   | Noticed a greater mummy
114248 | Tomb:2   | Noticed a greater mummy
114271 | Tomb:2   | Killed a greater mummy
114287 | Tomb:2   | Killed a greater mummy
114295 | Tomb:2   | Killed a greater mummy
114541 | Tomb:1   | Noticed a greater mummy
114542 | Tomb:1   | Noticed a greater mummy
114543 | Tomb:1   | Noticed a greater mummy
114547 | Tomb:1   | Noticed a greater mummy
114548 | Tomb:1   | Killed a greater mummy
114566 | Tomb:1   | Noticed a greater mummy
114579 | Tomb:1   | Noticed a greater mummy
114581 | Tomb:1   | Killed a greater mummy
114587 | Tomb:1   | Killed a greater mummy
114588 | Tomb:1   | Noticed a greater mummy
114589 | Tomb:1   | Killed a greater mummy
114598 | Tomb:1   | Killed a greater mummy
114861 | Tomb:1   | Killed a greater mummy
114865 | Tomb:1   | Killed a greater mummy
114917 | Tomb:1   | Noticed a greater mummy
114937 | Tomb:1   | Killed a greater mummy
114943 | Tomb:1   | Learned a level 3 spell: Lesser Beckoning
114946 | Tomb:1   | Learned a level 2 spell: Song of Slaying
115000 | Tomb:1   | Noticed a greater mummy
115000 | Tomb:1   | Noticed a greater mummy
115012 | Tomb:1   | Killed a greater mummy
115019 | Tomb:1   | Killed a greater mummy
115100 | Tomb:1   | Noticed a greater mummy
115118 | Tomb:1   | Killed a greater mummy
115156 | Tomb:1   | Noticed a greater mummy
115173 | Tomb:1   | Killed a greater mummy
115263 | Tomb:1   | Noticed a greater mummy
115264 | Tomb:1   | Noticed a greater mummy
115267 | Tomb:1   | Noticed a greater mummy
115324 | Tomb:1   | Killed a greater mummy
115332 | Tomb:1   | Killed a greater mummy
115347 | Tomb:1   | Killed a greater mummy
115416 | Tomb:1   | Noticed a greater mummy
115438 | Tomb:1   | Killed a greater mummy
115446 | Tomb:1   | Noticed a greater mummy
115447 | Tomb:1   | Noticed a greater mummy
115517 | Tomb:1   | Killed a greater mummy
115525 | Tomb:1   | Killed a greater mummy
115561 | Tomb:1   | Noticed a greater mummy
115581 | Tomb:1   | Killed a greater mummy
115598 | Tomb:1   | Noticed a greater mummy
115607 | Tomb:1   | Noticed a greater mummy
115623 | Tomb:1   | Killed a greater mummy
115642 | Tomb:1   | Killed a greater mummy
115744 | Tomb:3   | Entered Level 3 of the Tomb of the Ancients
115762 | Tomb:3   | Found the macabre finger necklace {rN+}
115835 | Tomb:3   | Noticed a greater mummy
115840 | Tomb:3   | Noticed an ancient lich
115843 | Tomb:3   | Noticed a greater mummy
115849 | Tomb:3   | Killed a greater mummy
115857 | Tomb:2   | Killed an ancient lich
115892 | Tomb:3   | Noticed an ancient lich
115892 | Tomb:3   | Noticed a greater mummy
115912 | Tomb:3   | Killed a greater mummy
115937 | Tomb:3   | Noticed a greater mummy
115957 | Tomb:3   | Killed a greater mummy
115959 | Tomb:3   | Killed an ancient lich
115985 | Tomb:3   | Killed a greater mummy
116027 | Tomb:3   | Found the +3 Elemental Staff {rElec rF++ rC++ MR++ AC+5}
116038 | Tomb:3   | Noticed a greater mummy
116042 | Tomb:3   | Noticed a greater mummy
116093 | Tomb:3   | Noticed a greater mummy
116106 | Tomb:3   | Killed a greater mummy
116129 | Tomb:3   | Killed a greater mummy
116152 | Tomb:3   | Killed a greater mummy
116484 | Tomb:3   | Got a brightly glowing lapis lazuli ring
116527 | Tomb:3   | Found the +11 plutonium sword {*Contam Stlth-}
116617 | Tomb:3   | Got a golden rune of Zot
117390 | Zot:5    | Got the Orb of Zot
117619 | Depths:4 | Noticed Gibra the pandemonium lord
117651 | Depths:4 | Killed Gibra the pandemonium lord
118134 | D:$      | Escaped with the Orb!

Vault maps used:
D:1:      dpeg_arrival_solitude, minmay_misc_feat_nine_boxes,
          minmay_split_cup_large
D:2:      gammafunk_temple_overflow_elements, nicolae_gozag_seed_capital,
          nicolae_overflow_hidden_temple,
          chequers_temple_overflow_statue_of_worship, lemuel_tele_altar
D:3:      old_standard_altar, gup_sewer_entry_bowl, uniq_ijyb, uniq_robin,
          uniq_grinder, uniq_sigmund
D:4:      overflow_temple_1_default, overflow_temple_1_default,
          minmay_temple_entry_fiery
D:5:      cheibrodos_two_vegetables, first_ration,
          nicolae_qazlal_style_of_elements
D:6:      minivault_5
D:7:      uniq_crazy_yiuf_cottage
D:8:      serial_glass, glass_columns_a, glass_columns_c,
          minmay_guarded_unrand_variability
D:9:      gammafunk_sealed_arena, lightli_temple_of_fire,
          gammafunk_temple_overflow_forgotten, david_lair_shrubbed,
          nicolae_water_bricks
D:10:     orc_0_dummy, hangedman_fish_farm
D:11:     portal_ice_cave_entry_imps
D:12:     minmay_shoctagon, serial_shops,
          nicolae_shop_competitors_out_of_business
D:14:     david_vaults_5, minmay_tree_intersection, uniq_sonja, uniq_rupert,
          uniq_kirke
D:15:     grunt_enter_depths_giant_problem, fedhas_altar_1, basic_altar,
          laboratory
Temple:   grunt_temple_mini_profane
Lair:1:   dpeg_oklob_gauntlet, serial_bayou_shore_a, uniq_erica
Lair:2:   minmay_swamp_entry_worms, infiniplex_staircase_pool_2,
          minmay_lair_oklob_chamber, lemuel_fruit_fields
Lair:3:   nicolae_volcano_entry_lava_flow
Lair:4:   minmay_lair_venomous_thicket, minmay_snake_entry_guardpost_small,
          uniq_josephine
Lair:5:   minmay_slime_entry_oklob_open, uniq_nessos
Lair:6:   guppyfry_lair_end_dragon, hangedman_lair_in_review
Swamp:1:  hangedman_swamp_ruin_wall, swamp_pool3, st_swamp_ruins_3
Swamp:2:  nicolae_swamp_dense_foliage, swamp_pool1, infiniplex_staircase_pool
Swamp:3:  hangedman_swamp_ruin_hall
Swamp:4:  swamp_alternative, swamp_pool4, uniq_donald, uniq_nikola
Snake:1:  gammafunk_sealed_library, serial_shops, nicolae_shop_statue_plus,
          minmay_shop_grove
Snake:2:  uniq_vashnia, uniq_azrael
Snake:3:  basic_altar, grunt_ministairs_9, uniq_jorgrun, uniq_aizul
Snake:4:  grunt_snake_rune_pools, lemuel_fruit_tree
Slime:3:  nicolae_slime_welcoming_committee
Orc:1:    serial_shops, shop, minmay_orc_temple_c, uniq_nergalle, uniq_harold
Orc:2:    st_orc_elflike, serial_shops, shop, mines_bat_river
Vaults:1: vaults_room_door_hall, v_rooms_1, vaults_room_corners,
          ontoclasm_vaults_ring_large, nicolae_vaults_little_squares_4,
          vaults_room_fours, hangedman_vaults_snaps,
          nicolae_vaults_circle_grid_a, ontoclasm_vaults_bender, v_misc_24,
          nicolae_vaults_asterisk, v_misc_17, v_rooms_6,
          nicolae_vaults_bisected_slash, st_smaller_cells, serial_shops, shop,
          basic_altar
Vaults:2: minmay_crypt_entry_simple_walls, vaults_room_door_hall,
          nicolae_vaults_border_crossing, nicolae_vaults_sealed_display,
          vaults_mumra_hexcomb, vaults_mumra_minichess_inversion, v_misc_12,
          vaults_room_fancy_cross, v_misc_23, vaults_dpeg_spiral, enter_trove_2,
          uniq_frederick
Vaults:3: ontoclasm_vaults_chip, nicolae_vaults_display_case, v_misc_27,
          hangedman_vaults_nodes, v_misc_4, v_misc_30, hangedman_vaults_trim,
          serial_ice_b, vaults_room_stairs_pillars,
          nicolae_vaults_little_squares_2, serial_shops, shop
Vaults:4: nicolae_vaults_network_star, nicolae_vaults_shelves_hall,
          ontoclasm_vaults_gateway, v_misc_22, v_misc_15, hangedman_vaults_trim,
          uniq_bai_suzhen
Vaults:5: serial_shops
Crypt:1:  st_chilly_death
Crypt:2:  grunt_megastairs_3
Crypt:3:  lightli_unholy_cathedral, tomb_entry_simple_bobbens,
          lemuel_mausoleum_altar_kikubaaqudgha, uniq_mara, uniq_khufu
Depths:1: hell_entry, hangedman_corner_corridor
Depths:2: gammafunk_depths_water_palace, enter_ziggurat_d, hell_entry,
          okawaru_ov_weapons_minmay, serial_shops, bzr_in_the_mist,
          kennysheep_big_empty_room, infiniplex_staircase_trident,
          serial_bayou_shore_b
Depths:3: minmay_octo_star, rand_demon_pan_entry_4, abyss_entry, hell_entry,
          infiniplex_staircase_split_hallway, uniq_xtahua, uniq_margery,
          uniq_jory
Depths:4: minmay_the_grid_plus_closed, hell_entry,
          serial_sigils_hangedman_quiver, abyss_entry
Depths:5: hangedman_spin_cycle, abyss_entry, hell_entry
Dis:5:    kennysheep_iron_temple
Dis:7:    iron_city_of_dis
Geh:1:    hangedman_elemental_corridor
Geh:3:    nicolae_geh_sunburst
Geh:6:    hangedman_gehenna_grave_pits
Geh:7:    geh_grunt
Coc:2:    nicolae_coc_three_mouths
Coc:6:    lemuel_elevator
Coc:7:    coc_mu
Tar:3:    nicolae_tar_cuneiform_three
Tar:4:    grunt_deathspiral_small
Tar:6:    nicolae_tar_cuneiform_oil, nicolae_tar_cuneiform_city,
          hangedman_tartarus_temple_path
Tar:7:    tar_mu
Zot:1:    grunt_ministairs_14
Zot:2:    grunt_megastairs_1
Zot:3:    st_single_dragon_hoard_3
Zot:4:    hangedman_zot_diagonal_lockstep
Zot:5:    grunt_ministairs_6, lemuel_baited_zot_trap
Abyss:1:  evilmike_abyss_exit_chaos, evilmike_abyss_exit_plants, minivault_1
Abyss:3:  minivault_1, hangedman_abyss_or_decor_stagger
Abyss:4:  minivault_13, nicolae_abyss_rune_star_stuff, hangedman_abyss_theft,
          hangedman_abyss_rune_macabre_mess
Abyss:5:  guppyfry_abyss_exit_spiral_guarded, bh_silent_lugonu_exit,
          evilmike_abyss_rune_elephants_shrine
Pan:      evilmike_mini_pan_pillars_b, reaverb_pan_chaos_star,
          evilmike_mini_pan_pillars_b, regret_index_pan_draining_boxed,
          uniq_mennas_pan, nicolae_pan_lom_lobonic_3, nicolae_pan_door_chamber,
          pan_blood_fountain_2, rand_demon_4, uniq_mennas_pan,
          nicolae_pan_lom_lobonic_3, evilmike_mini_pan_other_thingy,
          lom_lobon_spiral_st, evilmike_mini_pan_3x3, mnoleg_st,
          pan_captured_pigsty, gloorx_vloq_grunt, reaverb_pan_figure_eight,
          nicolae_pan_lom_lobonic_4, evilmike_mini_pan_pillars_b, rand_demon_7,
          pan_blood_fountain, grunt_pan_in_and_out, pan_blood_fountain_small,
          evilmike_mini_pan_doors_b, rand_demon_5, cerebov_st,
          pan_blood_fountain_small, pan_disco_hall, nicolae_pan_sigil_eeng,
          grunt_pan_spiral, rand_demon_5, rand_demon_1, uniq_ignacio
Bazaar:   bazaar_jpeg_triangles
Trove:    trove_jewellery_lava
Sewer:    sewer_co_cracked_pipes
IceCv:    ice_cave_tombish
Volcano:  volcano_lake

Skill      XL: |  1  2  3  4  5  6  7  8  9 10 11 12 13 14 15 16 17 18 19 20 21 22 23 24 25 26 27 |
---------------+----------------------------------------------------------------------------------+-----
Fighting       | 3 4 5 6 7 9 10 11 12 13 14 15 16 17 18 24 | 24.0
Shields        | 3 4 5 6 7 9 10 11 12 13 14 15 25 | 25.0
Invocations    | 4 7 9 10 11 12 13 14 15 16 17 18 27 | 27.0
Long Blades    | 2 5 7 |  7.9
Evocations     | 4 6 |  6.0
Short Blades   | 5 8 11 12 13 | 13.2
Armour         | 3 6 9 11 12 13 14 22 | 22.0
Translocations | 5 9 12 15 16 19 27 | 27.0
Dodging        | 3 5 26 | 26.2
Spellcasting   | 5 7 9 |  9.0
Necromancy     | 2 12 15 | 15.5
Charms         | 2 |  2.0

Action                   |  1- 3 |  4- 6 |  7- 9 | 10-12 | 13-15 | 16-18 | 19-21 | 22-24 | 25-27 || total
-------------------------+-------+-------+-------+-------+-------+-------+-------+-------+-------++-------
Melee: Rapier            |    99 |   175 |   120 |       |   300 |  1405 |  1109 |   588 |       ||  3796
       Bite              |    35 |    51 |   119 |   485 |   563 |   482 |   357 |   696 | 10439 || 13227
       Falchion          |       |       |   201 |   990 |   985 |       |       |       |       ||  2176
       Scimitar          |       |       |       |       |     7 |       |       |       |       ||     7
       Quick blade       |       |       |       |       |       |       |       |   736 | 19111 || 19847
 Cast: Passage of Golubr |       |       |       |       |       |       |       |     2 |     3 ||     5
       Blink             |       |       |       |       |       |       |       |     1 |     2 ||     3
       Regeneration      |       |       |       |       |       |       |       |       |     1 ||     1
       Controlled Blink  |       |       |       |       |       |       |       |       |    37 ||    37
       Lesser Beckoning  |       |       |       |       |       |       |       |       |     7 ||     7
       Song of Slaying   |       |       |       |       |       |       |       |       |     5 ||     5
Invok: Grand Finale      |       |       |       |       |       |       |     2 |     2 |     1 ||     5
       Cleansing Flame   |       |       |       |       |       |       |       |       |    73 ||    73
       Donate Gold       |       |       |       |       |       |       |       |       |    36 ||    36
       Recite            |       |       |       |       |       |       |       |       |    33 ||    33
       Vitalisation      |       |       |       |       |       |       |       |       |    13 ||    13
       Divine Shield     |       |       |       |       |       |       |       |       |    10 ||    10
       Summon Divine War |       |       |       |       |       |       |       |       |     6 ||     6
       Sanctuary         |       |       |       |       |       |       |       |       |     3 ||     3
 Abil: Blink             |       |       |       |       |       |       |       |       |     1 ||     1
       Evoke Flight      |       |       |       |       |       |       |       |       |     1 ||     1
Evoke: Wand              |       |       |    11 |    21 |    62 |    19 |     5 |    12 |    39 ||   169
       Sack of spiders   |       |       |       |     2 |     4 |       |       |       |     1 ||     7
       Phial of floods   |       |       |       |       |     2 |     3 |     2 |     2 |     1 ||    10
       Fan of gales      |       |       |       |       |     1 |     3 |       |       |       ||     4
       Lightning rod     |       |       |       |       |       |       |     3 |       |       ||     3
  Use: Potion            |       |     2 |       |     3 |     8 |     3 |       |     1 |    51 ||    68
       Scroll            |       |     3 |    14 |     7 |    13 |    11 |     2 |    11 |    77 ||   138
 Stab: Paralysed         |       |       |     5 |    45 |    98 |   105 |   109 |    86 |   264 ||   712
       Confused          |       |       |       |       |     1 |       |       |       |     8 ||     9
       Petrified         |       |       |       |       |     9 |       |       |       |       ||     9
       Petrifying        |       |       |       |       |     1 |       |       |       |       ||     1
       Invisible         |       |       |       |       |       |     5 |       |       |       ||     5
       Distracted        |       |       |       |       |       |     1 |       |       |     2 ||     3
       Sleeping          |       |       |       |       |       |       |       |       |     1 ||     1
  Eat: Chunk             |     2 |     5 |    11 |    20 |    18 |    48 |    23 |    21 |    50 ||   198
       Ration            |       |       |     2 |     2 |     6 |       |       |       |    67 ||    77
Armor: Scale mail        |    35 |       |       |       |       |       |       |       |       ||    35
       Plate armour      |    28 |    69 |   219 |   623 |   533 |   506 |   236 |   298 |   332 ||  2844
       Ice dragon scales |       |       |       |       |       |       |       |       |  2682 ||  2682
Dodge: Dodged            |    28 |    14 |    57 |   239 |   431 |   376 |   230 |   341 |  5160 ||  6876
       Deflected         |       |       |       |       |       |       |       |       |    32 ||    32
Block: Shield            |    40 |    85 |   232 |   720 |   875 |   851 |   549 |   549 |  7160 || 11061
       Large shield      |       |       |       |       |       |       |       |       |  2424 ||  2424
       Reflection        |       |       |       |       |       |       |       |       |    66 ||    66
       Rpst.: Falchion   |       |       |    16 |    60 |    81 |       |       |       |       ||   157

Table legend:
 A = Spawn XP
 B = Non-spawn XP
 C = Spawn XP percentage of total XP
 D = Spawn monster count
 E = Non-spawn monster count
 F = Spawn count percentage of total count
 G = Total turns spent on level
                    A         B        C        D         E        F      G
               +---------+---------+-------+---------+---------+-------+---------
         Total |  264386 | 4269337 |   5.8 |     441 |    5211 |   7.8 | 118134
               +---------+---------+-------+---------+---------+-------+---------
           D:1 |       0 |      42 |   0.0 |       0 |      23 |   0.0 |   856
           D:2 |       0 |      33 |   0.0 |       0 |      10 |   0.0 |  1202
           D:3 |       0 |     689 |   0.0 |       0 |      33 |   0.0 |  1214
           D:4 |       0 |     219 |   0.0 |       0 |      19 |   0.0 |   748
           D:5 |       0 |    1163 |   0.0 |       0 |      25 |   0.0 |  1207
           D:6 |       0 |    1574 |   0.0 |       0 |      28 |   0.0 |   724
           D:7 |       0 |    1441 |   0.0 |       0 |      23 |   0.0 |  1136
           D:8 |       0 |    1981 |   0.0 |       0 |      35 |   0.0 |  1307
           D:9 |       0 |    4883 |   0.0 |       0 |      23 |   0.0 |  1904
          D:10 |       0 |    3998 |   0.0 |       0 |      24 |   0.0 |  1055
          D:11 |       0 |    6687 |   0.0 |       0 |      65 |   0.0 |  1433
          D:12 |       0 |   13316 |   0.0 |       0 |      51 |   0.0 |  1161
          D:13 |       0 |    4729 |   0.0 |       0 |      29 |   0.0 |  1825
          D:14 |       0 |   21957 |   0.0 |       0 |      85 |   0.0 |  2102
          D:15 |       0 |   38100 |   0.0 |       0 |      70 |   0.0 |  2233
        Lair:1 |       0 |    2179 |   0.0 |       0 |       9 |   0.0 |  1512
        Lair:2 |       0 |    6867 |   0.0 |       0 |      34 |   0.0 |  1271
        Lair:3 |       0 |    6647 |   0.0 |       0 |      31 |   0.0 |  1039
        Lair:4 |       0 |    9379 |   0.0 |       0 |      39 |   0.0 |   986
        Lair:5 |       0 |   10168 |   0.0 |       0 |      26 |   0.0 |  1568
        Lair:6 |       0 |   30947 |   0.0 |       0 |      71 |   0.0 |  1765
       Swamp:1 |       0 |   20579 |   0.0 |       0 |      47 |   0.0 |   983
       Swamp:2 |       0 |    9724 |   0.0 |       0 |      35 |   0.0 |   878
       Swamp:3 |       0 |   10937 |   0.0 |       0 |      26 |   0.0 |  1081
       Swamp:4 |       0 |   34011 |   0.0 |       0 |      52 |   0.0 |  1217
       Snake:1 |       0 |   31723 |   0.0 |       0 |      46 |   0.0 |  1417
       Snake:2 |       0 |   31834 |   0.0 |       0 |      55 |   0.0 |   772
       Snake:3 |       0 |   14209 |   0.0 |       0 |      17 |   0.0 |   607
       Snake:4 |       0 |   58302 |   0.0 |       0 |      94 |   0.0 |  1635
       Slime:1 |       0 |   21551 |   0.0 |       0 |      37 |   0.0 |   397
       Slime:2 |       0 |    7735 |   0.0 |       0 |      14 |   0.0 |   131
       Slime:3 |       0 |   13245 |   0.0 |       0 |      35 |   0.0 |   374
       Slime:4 |       0 |   30022 |   0.0 |       0 |      49 |   0.0 |   627
       Slime:5 |       0 |   34625 |   0.0 |       0 |      27 |   0.0 |   745
         Orc:1 |       0 |    9134 |   0.0 |       0 |      59 |   0.0 |   842
         Orc:2 |       0 |   12690 |   0.0 |       0 |      70 |   0.0 |  1035
      Vaults:1 |       0 |   57343 |   0.0 |       0 |      95 |   0.0 |  2048
      Vaults:2 |       0 |   72946 |   0.0 |       0 |     113 |   0.0 |  2127
      Vaults:3 |       0 |   49794 |   0.0 |       0 |      87 |   0.0 |  1198
      Vaults:4 |       0 |   48869 |   0.0 |       0 |      56 |   0.0 |  1497
      Vaults:5 |       0 |  197878 |   0.0 |       0 |     136 |   0.0 |  2143
       Crypt:1 |       0 |   48349 |   0.0 |       0 |      93 |   0.0 |  1866
       Crypt:2 |       0 |   31073 |   0.0 |       0 |      38 |   0.0 |  1147
       Crypt:3 |       0 |   96187 |   0.0 |       0 |      86 |   0.0 |  1937
        Tomb:1 |       0 |  192852 |   0.0 |       0 |      86 |   0.0 |  2466
        Tomb:2 |       0 |   58645 |   0.0 |       0 |      57 |   0.0 |   557
        Tomb:3 |       0 |  133634 |   0.0 |       0 |     127 |   0.0 |   821
      Depths:1 |       0 |   67588 |   0.0 |       0 |      74 |   0.0 |  3644
      Depths:2 |       0 |  130982 |   0.0 |       0 |     110 |   0.0 |  2706
      Depths:3 |    3843 |  103277 |   3.6 |       4 |      75 |   5.1 |  2455
      Depths:4 |       0 |   81388 |   0.0 |       0 |      67 |   0.0 |  1201
      Depths:5 |       0 |   89395 |   0.0 |       0 |      77 |   0.0 |  1426
          Hell |       0 |   47422 |   0.0 |       0 |      67 |   0.0 |  1778
         Dis:1 |       0 |    2105 |   0.0 |       0 |       6 |   0.0 |    62
         Dis:2 |       0 |   12284 |   0.0 |       0 |      32 |   0.0 |   283
         Dis:3 |       0 |    3698 |   0.0 |       0 |       9 |   0.0 |    74
         Dis:4 |       0 |   20549 |   0.0 |       0 |      40 |   0.0 |   444
         Dis:5 |       0 |   80837 |   0.0 |       0 |     101 |   0.0 |  1252
         Dis:7 |       0 |  161891 |   0.0 |       0 |     142 |   0.0 |  3097
         Geh:1 |       0 |   15838 |   0.0 |       0 |      33 |   0.0 |   294
         Geh:2 |       0 |    6711 |   0.0 |       0 |      14 |   0.0 |   133
         Geh:3 |       0 |   18589 |   0.0 |       0 |      41 |   0.0 |   336
         Geh:4 |       0 |   24122 |   0.0 |       0 |      49 |   0.0 |   443
         Geh:5 |       0 |   13150 |   0.0 |       0 |      14 |   0.0 |   183
         Geh:6 |       0 |   12936 |   0.0 |       0 |      34 |   0.0 |   232
         Geh:7 |       0 |   87480 |   0.0 |       0 |     100 |   0.0 |  1622
         Coc:1 |       0 |    9888 |   0.0 |       0 |      26 |   0.0 |   323
         Coc:2 |       0 |   22595 |   0.0 |       0 |      34 |   0.0 |   302
         Coc:3 |       0 |   26875 |   0.0 |       0 |      38 |   0.0 |   490
         Coc:4 |       0 |   51427 |   0.0 |       0 |      83 |   0.0 |   600
         Coc:5 |       0 |    7505 |   0.0 |       0 |      21 |   0.0 |   234
         Coc:6 |       0 |   11501 |   0.0 |       0 |      16 |   0.0 |   228
         Coc:7 |       0 |  189328 |   0.0 |       0 |     194 |   0.0 |  3250
         Tar:1 |       0 |   12927 |   0.0 |       0 |      29 |   0.0 |   780
         Tar:2 |       0 |   13724 |   0.0 |       0 |      18 |   0.0 |   408
         Tar:3 |       0 |   12558 |   0.0 |       0 |      12 |   0.0 |   327
         Tar:4 |       0 |   53027 |   0.0 |       0 |      58 |   0.0 |   947
         Tar:5 |       0 |   73099 |   0.0 |       0 |      68 |   0.0 |  1675
         Tar:6 |       0 |   21841 |   0.0 |       0 |      47 |   0.0 |   761
         Tar:7 |       0 |  197013 |   0.0 |       0 |     170 |   0.0 |  3471
         Zot:1 |       0 |   76381 |   0.0 |       0 |      43 |   0.0 |  1398
         Zot:2 |       0 |   50716 |   0.0 |       0 |      29 |   0.0 |  1115
         Zot:3 |       0 |   80449 |   0.0 |       0 |      46 |   0.0 |  2066
         Zot:4 |       0 |   53623 |   0.0 |       0 |      26 |   0.0 |   807
         Zot:5 |       0 |  227926 |   0.0 |       0 |      66 |   0.0 |  1915
       Abyss:1 |   59322 |   48708 |  54.9 |      82 |      84 |  49.4 |  2009
       Abyss:2 |   32707 |    8268 |  79.8 |      49 |      23 |  68.1 |  1014
       Abyss:3 |   31065 |   14584 |  68.1 |      49 |      37 |  57.0 |   943
       Abyss:4 |   88454 |   32032 |  73.4 |     170 |      84 |  66.9 |  1701
       Abyss:5 |   15970 |    2299 |  87.4 |      39 |       7 |  84.8 |   395
           Pan |   33025 |  437934 |   7.0 |      48 |     363 |  11.7 |  6900
         Zig:1 |       0 |    1389 |   0.0 |       0 |       2 |   0.0 |    63
         Zig:2 |       0 |    2422 |   0.0 |       0 |       3 |   0.0 |   160
         Zig:3 |       0 |    3959 |   0.0 |       0 |       5 |   0.0 |   144
         Zig:4 |       0 |    3898 |   0.0 |       0 |       7 |   0.0 |    73
         Zig:5 |       0 |    4720 |   0.0 |       0 |       8 |   0.0 |   105
         Zig:6 |       0 |    9535 |   0.0 |       0 |       6 |   0.0 |    86
         Zig:7 |       0 |    7941 |   0.0 |       0 |      12 |   0.0 |    77
         Zig:8 |       0 |   12460 |   0.0 |       0 |      10 |   0.0 |   120
         Zig:9 |       0 |    1784 |   0.0 |       0 |       3 |   0.0 |    23
         Sewer |       0 |      52 |   0.0 |       0 |      16 |   0.0 |   374
         IceCv |       0 |    4207 |   0.0 |       0 |      20 |   0.0 |  1536
       Volcano |       0 |    5610 |   0.0 |       0 |      22 |   0.0 |   355
               +---------+---------+-------+---------+---------+-------+---------
